AoeStats
← zisuku

Arena

512631752Analyzed
1v1 RM · 16d ago on Oct 10, 2026· 46m 19s· 2 players
Game mode
Random Map
Map size
Tiny (2 player)
Population
200
Speed
Normal
Resources
Standard
Victory
Conquest
Starting age
Dark Age
Ending age
Imperial Age
RankedLock teamsTeams togetherTeam positionsShared explorationLock speedFull tech treeHidden civsTurbo modeCheats
Victory
Defeat
🇷🇴 Mongols · Romania
1230
+15
vs
🇹🇷 Japanese · Türkiye
1209
-20
Yokolucu
10:42 Feudal Age
14:28 Castle Age
12:48 Horse Collar
19:32 Double-Bit Axe
20:59 Scale Mail Armor
22:29 Chain Mail Armor
23:18 Bow Saw
25:05 Forging
24:58 Stone Mining
30:48 Imperial Age
28:34 Gold Mining
29:38 Squires
29:51 Arson
32:30 Wheelbarrow
31:42 Elite Samurai
32:45 Capped Ram
35:39 Plate Mail Armor
37:08 Iron Casting
37:55 Pikeman
39:03 Fletching
40:14 Conscription
39:51 Bodkin Arrow
40:54 Bracer
41:20 Padded Archer Armor
41:22 Elite Skirmisher
43:24 Leather Archer Armor
43:53 Ballistics
43:02 Pikeman
zisuku
10:30 Feudal Age
14:24 Castle Age
12:21 Horse Collar
12:57 Double-Bit Axe
19:28 Stone Mining
19:49 Loom
22:46 Fletching
27:50 Bow Saw
27:57 Gold Mining
29:20 Wheelbarrow
30:05 Ballistics
30:01 Heavy Plow
35:41 Imperial Age
33:40 Bloodlines
33:31 Husbandry
34:52 Bodkin Arrow
36:28 Bracer
36:29 Padded Archer Armor
36:51 Conscription
37:41 Chemistry
37:13 Hand Cart
38:25 Leather Archer Armor
39:07 Gold Shaft Mining
39:00 Masonry
38:49 Town Watch
40:19 Heavy Scorpion
41:56 Siege Engineers
42:07 Town Patrol
41:50 Light Cavalry
42:42 Hussar
43:34 Scale Barding Armor
45:10 Chain Barding Armor
Connection lost

Rejoining the realm…

Still unreachable

The connection could not be restored.

Session expired

The server has moved on; the page needs a fresh start.